 Dungeon Crawl Stone Soup version 0.20.1-1-g8b1a95d (webtiles) character file.

105 Lanoc the Sneak (level 4, -3/29 HPs)
             Began as an Octopode Assassin on Nov 24, 2017.
             Shot with a stone by a goblin (6 damage)
             ... on level 2 of the Dungeon.
             The game lasted 00:07:11 (991 turns).

Lanoc the Sneak (Octopode Assassin)                  Turns: 991, Time: 00:07:12

Health: -3/29      AC:  1    Str: 10    XL:     4   Next: 81%
Magic:  4/4        EV: 13    Int: 13    God:
Gold:   34         SH:  0    Dex: 14    Spells: 3/3 levels left

rFire    . . .     SeeInvis .   a - +2 dagger
rCold    . . .     Gourm    .   (no shield)
rNeg     . . .     Faith    .   (helmet restricted)
rPois    .         Spirit   .   (no amulet)
rElec    .         Reflect  .   (no ring)
rCorr    .         Harm     .   (no ring)
MR       .....                  (no ring)
Stlth    +++++.....             (no ring)
Regen    0.1/turn               (no ring)
MPRegen  0.1/turn               (no ring)
                                (no ring)
                                (no ring)

@: lethally poisoned (-3 -> -6), hasted, very quick
A: almost no armour, stealthy swim, amphibious, 8 rings, constrict 8, camouflage
1, mutation resistance 1, gelatinous body 1
a: no special abilities


You were on level 2 of the Dungeon.
You were not hungry.

You visited 1 branch of the dungeon, and saw 2 of its levels.

You collected 34 gold pieces.

Inventory:

Hand Weapons
 a - a +2 dagger (weapon)
 b - a +0 blowgun
Missiles
 c - 8 poisoned needles
 d - 2 curare-tipped needles
Wands
 m - a wand of confusion (31/48)
Scrolls
 o - 2 scrolls of noise
 p - a scroll of fog
Comestibles
 f - a bread ration
 g - 2 fruits
 h - 4 chunks of flesh


   Skills:
 + Level 2.1 Fighting
 + Level 2.5 Short Blades
 + Level 2.1 Throwing
 + Level 1.3 Dodging
 + Level 7.6 Stealth


You had 3 spell levels left.
You didn't know any spells.

Dungeon Overview and Level Annotations

Branches:
Dungeon (2/15)

Altars:


Innate Abilities, Weirdness & Mutations

You cannot wear most types of armour.
You are very stealthy in the water. (Stealth+)
You are amphibious.
You can wear up to eight rings at the same time.
You can use your tentacles to constrict eight enemies at once.
Your skin changes colour to match your surroundings (Stealth+).
Your rubbery body absorbs attacks. (AC +1, EV +1)
You are somewhat resistant to further mutation.


Message History

You feel sick.
A bat comes into view.
* * * LOW HITPOINT WARNING * * *
You feel sick.
The bat moves out of view.
Found an escape hatch in the ceiling.
A gnoll comes into view. It is wielding a spear.
There is an open door here.
A goblin comes into view.
* * * LOW HITPOINT WARNING * * *
You feel sick.
There is an open door here.
* * * LOW HITPOINT WARNING * * *
You feel sick.
You hit the bat.
You kill the bat!
There is a lethal amount of poison in your body!
You see here a bat corpse.
You butcher the bat corpse.
The goblin wields a hunting sling.
The goblin shoots a stone.
The stone hits you.
You die...

#.........# #.#
#.#.# ...<......#
#.#.# g.....b...
#.#.# .........#
#.#.# #.g...+ #.#.#
#.....#### #...#
###...##.# ##..#
#...'..##### #.>.
#...##.@...# ####
##+#######.#
#.....†$..#
###.####...###
#.#....#.....#
#.####.###...##
#...##.##8...8#
#####.#....###...##
### #.....######
#...#


You could see a goblin.

Vanquished Creatures
  5 adders
  An ooze (D:1)
  A worm (D:2)
  2 leopard geckos (D:1)
  A ball python (D:1)
  7 bats
  5 giant cockroaches (D:1)
  4 goblins
  7 hobgoblins
  2 jackals (D:1)
  2 kobolds (D:1)
  2 quokkas (D:2)
  6 frilled lizards
  5 rats
50 creatures vanquished.

Notes
Turn   | Place    | Note
-------+----------+-------------------------------------------
     0 | D:1      | Lanoc the Octopode Assassin began the quest for the Orb.
     0 | D:1      | Reached XP level 1. HP: 14/14 MP: 1/1
    80 | D:1      | Reached XP level 2. HP: 19/19 MP: 2/2
    82 | D:1      | Reached skill level 6 in Stealth
   212 | D:1      | Reached XP level 3. HP: 17/24 MP: 3/3
   572 | D:2      | Reached skill level 7 in Stealth
   635 | D:2      | Reached XP level 4. HP: 27/29 MP: 4/4
   961 | D:2      | Gained mutation: You are somewhat resistant to further mutation. [potion of mutation]
   961 | D:2      | Gained mutation: You are clumsy. (Dex -2) [potion of mutation]
   961 | D:2      | Lost mutation: You are clumsy. (Dex -2) [potion of mutation]
   991 | D:2      | Shot with a stone by a goblin

Skill      XL: |  1  2  3 |
---------------+----------+-----
Stealth        | 6 7 |  7.6
Fighting       | |  2.1
Short Blades   | |  2.5
Throwing       | |  2.1
Dodging        | |  1.3

Action                   |  1- 3 |  4- 6 || total
-------------------------+-------+-------++-------
Melee: Dagger            |    64 |    29 ||    93
       Constrict         |    15 |     6 ||    21
       Tentacles         |    12 |     3 ||    15
  Use: Scroll            |       |     6 ||     6
       Potion            |       |     2 ||     2
 Stab: Sleeping          |    15 |     6 ||    21
Armor: Skin              |    10 |     1 ||    11
Dodge: Dodged            |    47 |    12 ||    59
